 Dungeon Crawl Stone Soup version 0.25-a0-322-g3677130 (webtiles) character file.

Game seed: 4203207273118040494, levelgen mode: deterministic

1707 puppykicker the Cleaver (level 9, 0/108 HPs)
             Began as a Hill Orc Arcane Marksman on Dec 27, 2019.
             Succumbed to Grum's poison
             ... on level 8 of the Dungeon.
             The game lasted 00:22:32 (8049 turns).

puppykicker the Cleaver (Hill Orc Arcane Marksman)  Turns: 8049, Time: 00:22:32

Health: 0/108      AC: 11    Str: 20    XL:     9   Next: 3%
Magic:  21/21      EV: 11    Int: 19    God:
Gold:   99         SH:  0    Dex: 11    Spells: 4/12 levels left

rFire    . . .     SeeInvis .   b - +0 broad axe
rCold    . . .     Gourm    .   (no shield)
rNeg     . . .     Faith    .   B - +1 scale mail of Utank {MR+ Int+2}
rPois    .         Spirit   .   (no helmet)
rElec    .         Reflect  .   (no cloak)
rCorr    .         Harm     .   r - +1 pair of gloves
MR       +....                  x - +0 pair of boots
Stlth    ..........             (no amulet)
HPRegen  0.28/turn              n - ring of magical power
MPRegen  0.17/turn              y - +3 ring of intelligence

@: berserking, lethally poisoned (0 -> -28), very quick
A: no striking features
a: no special abilities


You were on level 8 of the Dungeon.
You were not hungry.

You visited 2 branches of the dungeon, and saw 9 of its levels.

You collected 351 gold pieces.
You spent 252 gold pieces at shops.


   Skills:
 - Level 4.7 Fighting
 + Level 8.9 Axes
 - Level 4.2 Crossbows
 - Level 2.9 Armour
 - Level 2.9 Dodging
 - Level 2.3 Spellcasting
 - Level 4.0 Hexes
 - Level 1.0 Necromancy
 - Level 1.8 Translocations


You had 4 spell levels left.
You knew the following spells:

 Your Spells              Type           Power        Failure   Level  Hunger
a - Corona                Hex            ###....      9%          1    #......
b - Slow                  Hex            ###.....     13%         2    ##.....
f - Portal Projectile     Hex/Tloc       ##....       38%         3    ###....
g - Apportation           Tloc           #.....       22%         1    #......
z - Animate Skeleton      Necr           N/A          30%         1    #......

Your spell library contained the following spells:

 Spells                   Type           Power        Failure   Level  Hunger
 Confusing Touch          Hex            ###...       9%          1    #......
 Shock                    Conj/Air       #...         41%         1    #......
 Summon Small Mammal      Summ           #...         41%         1    #......
 Inner Flame              Hex/Fire       #.......     52%         3    ###....
 Swiftness                Chrm/Air       #.......     56%         2    ##.....
 Cause Fear               Hex            ###.......   65%         4    #####..
 Static Discharge         Conj/Air       #.......     80%         3    ###....
 Leda's Liquefaction      Hex/Erth       #.........   89%         4    #####..
 Airstrike                Air            #.........   99%         4    #####..
 Lightning Bolt           Conj/Air       #.........   100%        5    ######.

Inventory:

Hand Weapons
 a - a +0 hand crossbow
 b - a +0 broad axe (weapon)
Missiles
 d - 73 bolts
 h - 2 boomerangs (quivered)
Armour
 r - a +1 pair of gloves (worn)
 x - a +0 pair of boots (worn)
 B - the +1 scale mail of Utank (worn) {MR+ Int+2}
   (You found it on level 6 of the Dungeon)

   It affects your intelligence (+2).
   It affects your resistance to hostile enchantments.
Jewellery
 n - a ring of magical power (left hand)
 s - an uncursed ring of resist corrosion
 y - a +3 ring of intelligence (right hand)
Wands
 A - a wand of flame (11)
Scrolls
 c - a scroll of immolation {!r}
 e - a scroll of fog {unknown}
 g - 3 scrolls of remove curse
 i - a scroll of fear
 m - a scroll of enchant armour
 o - a scroll of amnesia
 p - 3 scrolls of teleportation
 u - a scroll of identify
 w - a scroll of enchant weapon {unknown}
 D - a scroll of magic mapping {unknown}
Potions
 j - 2 potions of brilliance
 k - 2 potions of degeneration {unknown}
 l - 3 potions of heal wounds
 q - 3 potions of haste
 t - a potion of ambrosia
 v - a potion of curing {unknown}
 C - a potion of cancellation {unknown}
 E - a potion of resistance {unknown}
Comestibles
 f - 6 rations
 F - 2 chunks of flesh {@w1}

Dungeon Overview and Level Annotations

Branches:
Dungeon (8/15)             Temple (1/1) D:7
   Lair: D:8-11

Altars:
Ashenzari
Cheibriados
Dithmenos
Fedhas
Gozag
Hepliaklqana
Kikubaaqudgha
Makhleb
Nemelex Xobeh
Okawaru
Qazlal
Ru
Sif Muna
Trog
Uskayaw
Vehumet
Xom
Zin
The Shining One

Shops:
D:5 :   D:8 (

Annotations:
D:8 Grum

### ##.##
##.#.##
#######.###Z##
#.hhg@....##.#
#.#####.#.#Z##
#.#
##...#####.#
#h#
##.[........
#h#
#..)........
#.###
#.∩#..##.###
#...# #..#..#
# ###h#
#..#..#
####.###..#...


You could see Grum and 2 wolves.


Message History

Increase (S)trength, (I)ntelligence, or (D)exterity?
You feel clever. Grum misses you.
Really walk into that dispersal trap?
You enter a dispersal trap!
Grum blinks!
The wolf blinks!
Grum blinks!
You blink.
Grum enters a dispersal trap!
You blink.
Evoke which item? (* to show all) (? for menu, Esc to quit)
Okay, then.
A red film seems to cover your vision as you go berserk!
You feel yourself moving faster!
You feel mighty! Grum barely misses you.
You feel a strong urge to attack something.
Grum barely misses you.
You barely miss Grum.
Grum is moderately wounded.
Grum hits you with a -1 halberd of venom!!
* * * LOW HITPOINT WARNING * * *
You are poisoned.
You slash Grum!
Grum is severely wounded.
You feel sick.
You closely miss Grum.
Grum is severely wounded.
You feel sick.
Grum hits you with a -1 halberd of venom!
* * * LOW HITPOINT WARNING * * *
You are more poisoned.
You slash Grum!
Grum is almost dead.
You die...

Action                   |  1- 3 |  4- 6 |  7- 9 || total
-------------------------+-------+-------+-------++-------
Melee: Dagger            |    19 |       |       ||    19
       Unarmed           |     8 |       |       ||     8
       Short sword       |    38 |       |       ||    38
       Hand axe          |    27 |    88 |   294 ||   409
       Broad axe         |       |       |    17 ||    17
 Fire: Hand crossbow     |    36 |    59 |   125 ||   220
Throw: Boomerang         |     3 |       |       ||     3
       Throwing net      |       |       |     2 ||     2
 Cast: Corona            |       |     1 |     4 ||     5
       Slow              |       |       |    10 ||    10
       Animate Skeleton  |       |       |     2 ||     2
Evoke: Wand              |       |       |     4 ||     4
  Use: Scroll            |       |    11 |     2 ||    13
       Potion            |       |       |     1 ||     1
 Stab: Sleeping          |     1 |       |       ||     1
  Eat: Chunk             |     3 |     7 |    11 ||    21
       Ration            |       |       |     3 ||     3
Armor: Robe              |    11 |       |       ||    11
       Ring mail         |    15 |    62 |    52 ||   129
       Scale mail        |       |       |   103 ||   103
Dodge: Dodged            |    82 |    84 |   183 ||   349

Levels and vault maps discovered:
D:1:      eino_arrival_cavern_c, layout_rooms
D:2:      layout_basic, zin_academy
D:3:      layout_rooms, overflow_temple_1_default, cheibriados_altar_1,
          first_ration, guppyfry_early_orc_mine
D:4:      layout_rooms, overflow_temple_1_default
D:5:      cheibrodos_helix_gallery, layout_basic, basic_altar, serial_shops,
          shop
D:6:      minmay_evil_eye, layout_loops_ring, nicolae_overflow_crystal_walls
D:7:      layout_basic, grunt_temple_overflow_open,
          minmay_temple_entry_glassed_door
D:8:      layout_loops_ring, lemuel_round_altar, basic_altar,
          gammafunk_ghost_grave, serial_shops, shop, the_bakery, uniq_grum
Temple:   minmay_temple_bridge_abc

Notes
Turn   | Place    | Note
-------+----------+-------------------------------------------
     0 | D:1      | puppykicker the Hill Orc Arcane Marksman began the quest
                  | for the Orb.
     0 | D:1      | Reached XP level 1. HP: 16/16 MP: 2/2
   216 | D:1      | Reached skill level 2 in Crossbows
   245 | D:1      | Reached XP level 2. HP: 14/24 MP: 3/3
   383 | D:1      | Reached skill level 2 in Fighting
   602 | D:1      | Reached XP level 3. HP: 7/30 MP: 4/4
  1116 | D:2      | Found a glowing silver altar of Zin.
  1319 | D:2      | Learned a level 2 spell: Slow
  1420 | D:2      | Reached skill level 3 in Fighting
  1674 | D:2      | Reached skill level 1 in Axes
  1819 | D:2      | Reached XP level 4. HP: 28/38 MP: 5/5
  1911 | D:2      | Reached skill level 2 in Axes
  2513 | D:3      | Reached skill level 3 in Axes
  2513 | D:3      | Reached XP level 5. HP: 44/45 MP: 6/6
  2529 | D:3      | Found a bloodstained altar of Trog.
  2657 | D:3      | Found a snail-covered altar of Cheibriados.
  2698 | D:3      | Reached skill level 4 in Axes
  3056 | D:4      | Reached skill level 5 in Axes
  3226 | D:4      | Found a shimmering altar of Xom.
  3282 | D:4      | Reached skill level 6 in Axes
  3282 | D:4      | Reached XP level 6. HP: 51/51 MP: 7/7
  3657 | D:5      | Entered Level 5 of the Dungeon
  3744 | D:5      | Reached skill level 3 in Crossbows
  3744 | D:5      | Reached skill level 1 in Armour
  4071 | D:5      | Reached skill level 2 in Dodging
  4071 | D:5      | Reached XP level 7. HP: 47/57 MP: 9/9
  4150 | D:5      | Learned a level 3 spell: Portal Projectile
  4220 | D:5      | Found a shadowy altar of Dithmenos.
  4385 | D:5      | Found Voqo's Book Shoppe.
  4521 | D:5      | Reached skill level 7 in Axes
  5227 | D:6      | Reached XP level 8. HP: 66/66 MP: 10/10
  5254 | D:6      | Reached skill level 2 in Armour
  5254 | D:6      | Reached skill level 1 in Translocations
  5346 | D:6      | Found a hazy altar of Hepliaklqana.
  5557 | D:6      | Got a spiked scale mail
  5568 | D:6      | Identified the +1 scale mail of Utank {MR+ Int+2} (You
                  | found it on level 6 of the Dungeon)
  5751 | D:6      | Reached skill level 4 in Fighting
  5934 | D:6      | Reached skill level 2 in Spellcasting
  6249 | D:7      | Found a staircase to the Ecumenical Temple.
  6257 | Temple   | Entered the Ecumenical Temple
  6540 | D:7      | Reached skill level 4 in Crossbows
  6757 | D:7      | Reached skill level 8 in Axes
  6757 | D:7      | Reached skill level 4 in Hexes
  6774 | D:7      | Learned a level 1 spell: Animate Skeleton
  6776 | D:7      | Learned a level 1 spell: Apportation
  6785 | D:7      | Found a blossoming altar of Fedhas.
  6786 | D:7      | Found a sacrificial altar of Ru.
  7696 | D:7      | Reached skill level 1 in Necromancy
  7937 | D:8      | Found Igoih's Antique Weapon Boutique.
  7946 | D:8      | Bought a battleaxe for 156 gold pieces
  7948 | D:8      | Bought a broad axe for 96 gold pieces
  8004 | D:8      | Noticed Grum
  8022 | D:8      | Reached XP level 9. HP: 23/72 MP: 12/12
  8048 | D:8      | HP: 2/108 [Grum/-1 halberd of venom (15)]
  8049 | D:8      | Succumbed to Grum's poison

Vanquished Creatures
  A hungry ghost (D:6)
  An orc warrior (D:7)
  2 ice beasts
  2 ogres
  A centaur (D:5)
  A wolf (D:8)
  A crocodile (D:7)
  2 bullfrogs
  2 scorpions
  A bullfrog zombie (D:5)
  2 crimson imps
  2 hounds
  A quasit (D:5)
  A gnoll shaman (D:6)
  2 orc wizards
  An iguana (D:4)
  4 worker ants
  9 gnolls (D:6)
  7 adders
  An ooze (D:1)
  An adder zombie (D:6)
  An adder skeleton (D:6)
  5 dart slugs
  3 leopard geckos
  12 orcs
  4 ball pythons
  A bat (D:1)
  A giant cockroach (D:6)
  10 goblins
  8 hobgoblins
  8 jackals
  7 kobolds
  3 quokkas
  5 frilled lizards
  6 rats
119 creatures vanquished.
